AoeStats
← Pichichi Naranja

Arena

509732057Analyzed
4v4 RM · 4d ago on Sep 27, 2026· 37m 17s· 8 players
Game mode
Random Map
Map size
Large (8 player)
Population
200
Speed
Normal
Resources
Standard
Victory
Conquest
Starting age
Dark Age
Ending age
Imperial Age
RankedLock teamsTeams togetherTeam positionsShared explorationLock speedFull tech treeHidden civsTurbo modeCheats
Victory
Defeat
🇬🇧 Turks · United Kingdom
1042
+12
🇬🇧 Italians · United Kingdom
1014
+13
🇬🇧 Goths · United Kingdom
1013
+13
🇬🇧 Teutons · United Kingdom
1012
+13
🇫🇷 Turks · France
1004
-14
🇭🇺 Bohemians · Hungary
976
-13
🇧🇷 Sicilians · Brazil
932
-12
🇦🇷 Berbers · Argentina
916
-12
RtW
11:53 Feudal Age
17:47 Castle Age
16:42 Loom
17:33 Wheelbarrow
16:42 Horse Collar
16:54 Double-Bit Axe
17:51 Wheelbarrow
19:22 Bow Saw
20:00 Heavy Plow
19:29 Man-at-Arms
20:45 Man-at-Arms
21:57 Long Swordsman
22:55 Scale Mail Armor
23:08 Forging
28:09 Hand Cart
33:01 Chain Mail Armor
36:12 Town Watch
francis le tueur
13:50 Feudal Age
18:32 Castle Age
16:21 Double-Bit Axe
16:18 Horse Collar
16:31 Gold Mining
22:48 Imperial Age
26:20 Wheelbarrow
Avalanche
7:45 Loom
10:33 Feudal Age
12:01 Double-Bit Axe
11:57 Horse Collar
20:55 Castle Age
26:56 Scale Mail Armor
27:06 Forging
33:07 Imperial Age
32:02 Forging
32:08 Chain Mail Armor
Pichichi Naranja
12:09 Feudal Age
16:36 Castle Age
14:37 Stone Mining
15:02 Double-Bit Axe
17:17 Horse Collar
20:15 Bow Saw
22:38 Loom
23:01 Gold Mining
23:44 Fletching
25:20 Heavy Plow
25:54 Fortified Wall
26:45 Gold Shaft Mining
27:05 Wheelbarrow
28:43 Kasbah
29:27 Stone Shaft Mining
29:13 Hand Cart
29:01 Bodkin Arrow
29:07 Padded Archer Armor
32:01 Imperial Age
30:18 Ballistics
29:40 Treadmill Crane
30:11 Masonry
30:03 Murder Holes
31:52 Leather Archer Armor
Cabosh
10:56 Feudal Age
14:31 Castle Age
12:41 Double-Bit Axe
13:22 Horse Collar
15:36 Bow Saw
15:37 Loom
15:45 Man-at-Arms
18:28 Long Swordsman
20:08 Scale Mail Armor
21:27 Chain Mail Armor
22:06 Forging
22:16 Squires
24:10 Wheelbarrow
29:01 Hand Cart
29:35 Iron Casting
30:57 Town Watch
Emstree
6:44 Loom
9:16 Feudal Age
14:36 Fletching
27:26 Castle Age
Clandestine
11:38 Feudal Age
13:20 Loom
15:52 Castle Age
14:35 Gold Mining
14:37 Double-Bit Axe
17:20 Bow Saw
17:52 Forging
19:35 Squires
21:15 Iron Casting
22:35 Man-at-Arms
23:40 Scale Mail Armor
26:46 Imperial Age
24:24 Long Swordsman
26:28 Masonry
28:39 Two-Man Saw
28:15 Horse Collar
28:50 Stone Mining
30:55 Gold Shaft Mining
GummiMaster2
11:29 Feudal Age
12:22 Town Watch
15:04 Castle Age
16:17 Wheelbarrow
15:32 Double-Bit Axe
17:22 Horse Collar
17:54 Loom
20:04 Heavy Plow
21:38 Bow Saw
24:13 Stone Mining
24:13 Gold Mining
29:55 Imperial Age
27:31 Fletching
28:25 Ballistics
29:46 Stone Shaft Mining
29:01 Gold Mining
29:08 Gold Mining
30:17 Fortified Wall
30:05 Murder Holes
30:29 Bodkin Arrow
30:34 Padded Archer Armor
31:28 Conscription
32:16 Chemistry
30:58 Treadmill Crane
31:29 Masonry
31:22 Squires
31:09 Arson
31:41 Scale Mail Armor
31:51 Forging
32:10 Thumb Ring
32:34 Leather Archer Armor
33:04 Bracer
33:37 Architecture
34:24 Elite Genoese Crossbowman
35:37 Guilds
36:25 Pirotechnia
35:59 Elite Skirmisher
37:36 Ring Archer Armor
Connection lost

Rejoining the realm…

Still unreachable

The connection could not be restored.

Session expired

The server has moved on; the page needs a fresh start.